 Dungeon Crawl Stone Soup version 0.29-a0-371-g91724d5b39 (webtiles) character file.

Game seed: 13159467225870267595

3 Bruhh the Chiller (level 1, -2/13 HPs)
             Began as a Demonspawn Ice Elementalist on May 3, 2022.
             Slain by an endoplasm (3 damage)
             ... on level 1 of the Dungeon.
             The game lasted 00:00:39 (203 turns).

Bruhh the Chiller (Demonspawn Ice Elementalist)      Turns: 203, Time: 00:00:40

Health: -2/13      AC:  2    Str:  8    XL:     1   Next: 41%
Magic:  0/3        EV: 12    Int: 16    God:
Gold:   50         SH:  0    Dex: 13    Spells: 3/4 levels left

rFire   . . .      SeeInvis .   (no weapon)
rCold   . . .      Faith    .   (no shield)
rNeg    . . .      Spirit   .   a - +0 robe
rPois   .          Reflect  .   (no helmet)
rElec   .          Harm     .   (no cloak)
rCorr   .          Rampage  .   (no gloves)
Will    .....                   (no boots)
Stlth   ++........              (no amulet)
HPRegen 0.04/turn               (no ring)
MPRegen 0.08/turn               (no ring)

@: no status effects
A: no striking features
a: no special abilities


You were on level 1 of the Dungeon.
You visited 1 branch of the dungeon, and saw 1 of its levels.

You collected 50 gold pieces.

Inventory:

Missiles
 d - a throwing net
Armour
 a - a +0 robe (worn)
Scrolls
 c - a scroll of blinking {unknown}
 e - a scroll of noise {unknown}
 h - a scroll of vulnerability {unknown}
Potions
 b - a potion of magic
 f - a potion of cancellation {unknown}
 g - a potion of heal wounds {unknown}


   Skills:
 - Level 1.7 Dodging
 - Level 1.7 Stealth
 + Level 2.1 Spellcasting
 + Level 3.7 Ice Magic


You had 3 spell levels left.
You knew the following spells:

 Your Spells              Type           Power      Damage    Failure   Level
a - Freeze                Ice            52%        1d7       4%          1

Your spell library contained the following spells:

 Spells                   Type           Power      Damage    Failure   Level
 Frozen Ramparts          Ice            26%        1d4       14%         3
 Ozocubu's Armour         Ice            13%        N/A       14%         3
 Call Imp                 Summ           1%         N/A       30%         2
 Mephitic Cloud           Conj/Pois/Air  1%         N/A       52%         3
 Hailstorm                Conj/Ice       7%         3d4       67%         4
 Haunt                    Necr/Summ      0%         N/A       100%        7
 Maxwell's Capacitive Co  Air            0%         ∞         100%        8


Dungeon Overview and Level Annotations

Branches:
Dungeon (1/15)

Altars:


Message History

The ball python attacks as you move away!
The ball python closely misses you. x2
The rat twitches its whiskers.
The ball python barely misses you. The ball python grabs you.
The ball python constricts you.
Casting: Freeze (safe; 4% risk of failure)
Confirm with . or Enter, or press ? or * to list all spells.
Aiming: Freeze (safe; 4% risk of failure)
Press: ? - help, Shift-Dir - straight line, f - ball python, p - endoplasm
Aim: a ball python (constricting you)
You freeze the ball python.
The ball python is severely wounded.
The ball python closely misses you. The ball python constricts you.
Your magical contamination has completely faded away.
Unknown command.
Casting: Freeze (safe; 4% risk of failure)
Confirm with . or Enter, or press ? or * to list all spells.
Aiming: Freeze (safe; 4% risk of failure)
Press: ? - help, Shift-Dir - straight line, f/p - ball python
Aim: a ball python (severely wounded, constricting you)
You freeze the ball python.
You kill the ball python!
The endoplasm attacks as you move away!
The endoplasm hits you but does no damage.
The endoplasm attacks as you move away! The endoplasm hits you.
The endoplasm attacks as you move away! The endoplasm closely misses you.
Casting: Freeze (safe; 4% risk of failure)
Confirm with . or Enter, or press ? or * to list all spells.
Aiming: Freeze (safe; 4% risk of failure)
Press: ? - help, Shift-Dir - straight line, f - endoplasm
Aim: an endoplasm You freeze the endoplasm.
The endoplasm is moderately wounded.
The endoplasm freezes you.
You are frozen.
* * * LOW HITPOINT WARNING * * *
The endoplasm attacks as you move away! The endoplasm hits you.
* * * LOW HITPOINT WARNING * * *
The endoplasm attacks as you move away! The endoplasm hits you.
You die...

####.#.# ...#.#.######
#.#.#.#.... # #.....+...
#.#.[...#.. .......#.# #####.
#####.#.#.#.################.....
................@J.r.......'.....
..#######.#........#########.....
...#........# #.....
#####........##### #.....
#............# #.....
#............# #.....
#.#####......# #..... #.#
#......# ###### #. #......#


You could see an endoplasm and a rat.

Vanquished Creatures
  A ball python (D:1)
  An endoplasm (D:1)
  A frilled lizard (D:1)
3 creatures vanquished.

Notes
Turn   | Place    | Note
-------+----------+-------------------------------------------
     0 | D:1      | Bruhh the Demonspawn Ice Elementalist began the quest for
                  | the Orb.
     0 | D:1      | Reached XP level 1. HP: 13/13 MP: 3/3
    35 | D:1      | Got the Papyrus of Weightlessness and Calling
   203 | D:1      | Slain by an endoplasm

Illustrated notes

Levels and vault maps discovered:
D:1:      scummos_arrival_checkerplants, layout_basic,
          dreamdust_ecumenical_altar_drowned_temple

Action                   || total
-------------------------++-------
Melee: Unarmed           ||     2
 Cast: Freeze            ||     6
Armor: Robe              ||     1
Dodge: Dodged            ||    11

Table legend: (Time is in decaauts)
 A = Elapsed time spent in this place.
 B = Non-inter-level travel time spent in this place.
 C = Inter-level travel time spent in this place.
 D = Time resting spent in this place.
 E = Time spent auto-exploring this place.
 F = Levels seen in this place.
 G = Mean time per level.
                   A        B        C        D        E       F      G
               +--------+--------+--------+--------+--------+-----+--------+
         Total |    203 |    203 |      0 |      0 |    162 |   1 |  203.0 |
       Dungeon |    203 |    203 |      0 |      0 |    162 |   1 |  203.0 |
               +--------+--------+--------+--------+--------+-----+--------+

Top non-repeatable levels by time:
     D:1: 203 daAuts
